cohdb
Replays
Latest Replays
All Replays
Popular Replays
Top Player Replays
Match Explorer
How It Works
Community
CoH3 Stats
Reddit
Sign in to upload your games and track your stats! →
Sign in with Steam
Match 39135069
Unlisted
Match 39135069
Overview
Messages
Build Orders
End
Construct Section Command Post
Royal Engineer Section
Selects Air and Sea Battlegroup
Infantry Section
Infantry Section
Grenade Package
Vickers Machine Gun Team
Construct Platoon Command Post
Selects Commando Section Paradrop
Commando Section Paradrop
Construct Company Command Post
Selects M1 Pack Howitzer Paradrop
Selects Incendiary Bombing Run
Incendiary Bombing Run
Crusader II Medium Tank
Infantry Section
Unlock M3 Grant Medium Tanks
Infantry Section
Selects Naval Blockade
M3 Grant Medium Tank
M3 Grant Medium Tank
Commando Section Paradrop
Incendiary Bombing Run
Selects Centaur Medium Tank
M3 Grant Medium Tank
M3 Grant Medium Tank
Incendiary Bombing Run
Selects Naval Bombardment
M3 Grant Medium Tank
Naval Bombardment
Armored Vehicle Training
M3 Grant Medium Tank
Incendiary Bombing Run
Commando Section Paradrop
matjouz
Sarmynation
Schwalbe
Toni T - The Damager
0
0
Comments
sign in to comment!
No comments posted yet!